 Dungeon Crawl Stone Soup version 0.30-a0-897-ga2f19c967e (webtiles) character file.

Game seed: 18075064323566389313

2388 112233 the Covert (level 9, -1/61 HPs)
             Began as an Octopode Brigand on Mar 18, 2023.
             Was an Initiate of Gozag.
             Succumbed to an orange demon's poison
             ... on level 10 of the Dungeon.
             The game lasted 00:06:36 (7163 turns).

112233 the Covert (Octopode Brigand)                Turns: 7163, Time: 00:06:37

Health: -1/61      AC:  1    Str: 10    XL:     9   Next: 46%
Magic:  18/18      EV: 15    Int: 18    God:    Gozag
Gold:   279        SH:  0    Dex: 13    Spells: 2/8 levels left

rFire   . . .      SeeInvis .    h - +2 dagger (drain)
rCold   . . .      Faith    .    (no shield)
rNeg    . . .      Spirit   .    (helmet restricted)
rPois   .          Reflect  .    (no amulet)
rElec   .          Rampage  .    g - ring of wizardry
rCorr   .                        t - ring of magical power
Will    .....                    (no ring)
Stlth   ++++++                   (no ring)
HPRegen 0.30/turn                (no ring)
MPRegen 0.16/turn                (no ring)
                                 (no ring)
                                 (no ring)

@: brilliant, lethally poisoned (-1 -> -11), on berserk cooldown, hasted and
slowed
A: almost no armour, amphibious, 8 rings, camouflage 1, gelatinous body 1,
(nimble swimmer 1), tentacles
a: Renounce Religion, Potion Petition, Call Merchant, Bribe Branch


You were on level 10 of the Dungeon.
You worshipped Gozag.
Gozag was aware of your devotion.
You visited 2 branches of the dungeon, and saw 9 of its levels.
You also visited: Ossuary and Bailey.

You collected 750 gold pieces.
You paid 471 gold pieces to Gozag.

Inventory:

Hand Weapons
 a - a +2 dagger
 h - a +2 dagger of draining (weapon)
 H - a +1 short sword of venom
Missiles
 b - 32 poisoned darts (quivered)
 c - 4 curare-tipped darts
Armour
 y - a +0 tower shield
 L - a +0 kite shield
Magical Staves
 r - a staff of conjuration
Jewellery
 g - a ring of wizardry (left tentacle)
 t - a ring of magical power (right tentacle)
 G - an amulet of guardian spirit
Wands
 s - a wand of polymorph (11)
 F - a wand of paralysis (7)
Scrolls
 k - 3 scrolls of butterflies {unknown}
 l - a scroll of torment {unknown}
 m - 3 scrolls of enchant weapon {unknown}
 n - 2 scrolls of vulnerability {unknown}
 o - 8 scrolls of teleportation
 p - 2 scrolls of enchant armour {unknown}
 q - 4 scrolls of fog {unknown}
 v - 5 scrolls of identify {unknown}
 x - 3 scrolls of blinking {unknown}
 A - 3 scrolls of noise {unknown}
 B - 3 scrolls of immolation {unknown}
 C - 2 scrolls of fear {unknown}
 D - a scroll of acquirement {unknown}
 I - 5 scrolls of brand weapon {unknown}
 K - a scroll of amnesia {unknown}
 M - a scroll of magic mapping {unknown}
Potions
 d - 4 potions of haste
 e - a potion of flight {unknown}
 f - 2 potions of berserk rage
 i - 3 potions of might {unknown}
 j - 3 potions of degeneration {unknown}
 u - 2 potions of magic {unknown}
 z - 2 potions of curing {unknown}
 E - 2 potions of resistance {unknown}
 J - a potion of ambrosia {unknown}


   Skills:
 + Level 5.6 Fighting
 + Level 5.6 Short Blades
 - Level 2.0 Throwing
 + Level 5.2 Dodging
 + Level 12.8 Stealth


You had 2 spell levels left.
You knew the following spells:

 Your Spells              Type           Power      Damage    Failure   Level
a - Passwall              Tmut/Erth      0%         N/A       13%         2
b - Wereblood             Tmut           0%         N/A       13%         2
c - Ensorcelled Hibernat  Hex/Ice        0%         N/A       13%         2

Your spell library contained the following spells:

 Spells                   Type           Power      Damage    Failure   Level
 Sublimation of Blood     Necr           0%         N/A       13%         2
 Swiftness                Air            0%         N/A       26%         3
 Summon Hydra             Summ           0%         N/A       100%        7


Dungeon Overview and Level Annotations

Branches:
Dungeon (10/15)            Temple (1/1) D:5         Ossuary (visited)
 Bailey (visited)
   Lair: D:8-11         Orc: D:9-12

Altars:
Cheibriados
Dithmenos
Gozag
Hepliaklqana
Kikubaaqudgha
Nemelex Xobeh
Okawaru
Qazlal
Ru
Sif Muna
Trog
Uskayaw
Vehumet
Yredelemnul
Zin
The Shining One

Annotations:
D:10 Amaemon


Innate Abilities, Weirdness & Mutations

You cannot wear most types of armour.
You are amphibious.
You can wear up to eight rings at the same time.
Your skin changes colour to match your surroundings (Stealth+).
Your rubbery body absorbs attacks. (AC +1, EV +1)
((You are camouflaged when in or above water. (Stealth+)))
You have tentacles for arms and can constrict up to eight enemies at once.


Message History

You are lethally poisoned!
The orange demon poisons you!
You are too injured to fight recklessly!
Unknown command.
Okay, then. [a] - 696 gold - resistance, might and haste [b] - 240 gold - resistance [c] - 406 gold - haste and brilliance Purchase which effect?
You no longer have enough gold to petition Gozag for potion effects.
You feel yourself speed up.
You feel clever all of a sudden.
You constrict Amaemon.
You feel extremely sick. The orange demon stings you from afar.
* * * LOW HITPOINT WARNING * * *
Amaemon completely misses you. x2; Amaemon closely misses you.
Unknown command.
It was a potion of berserk rage.
A red film seems to cover your vision as you go berserk!
You feel yourself moving faster!
You feel mighty!
You constrict Amaemon.
* * * LOW HITPOINT WARNING * * *
You feel very sick. The orange demon closely misses you.
Amaemon closely misses you. Amaemon claws you.
* * * LOW HITPOINT WARNING * * *
Amaemon tail-slaps you.
* * * LOW HITPOINT WARNING * * *
Unknown command.
You release your grip on Amaemon.
You feel a strong urge to attack something.
* * * LOW HITPOINT WARNING * * *
You feel very sick.
* * * LOW HITPOINT WARNING * * *
You feel very sick.
You feel your anger nearly subside.
You are no longer berserk.
You are exhausted.
You feel as though you will be slow longer.
You die...
Your body crumbles into a pile of gold.

....... #. #...# .....
#.###.### ..o
#.......# #s#
###'##### #4### #.##
#.6.# #..# #####.#####
##'### #.........#
#....# #......@..#
####....+
#.........####..'....#
#.........#....##....#
#.........#.#####....#
#...........# #....#
$...........### #....#
###.........# #....#
########.## ##+### ..#
#..


You could see Amaemon (blind, drained), an orange demon and a scorpion
(summoned).

Vanquished Creatures
  Sigmund (D:3)
  2 water moccasins (D:7)
  A black bear (D:5)
  An ice beast (D:6)
  A sky beast (D:7)
  An ogre (D:6)
  A phantom (D:5)
  A gnoll sergeant (D:7)
  3 kobold brigands
  A bullfrog (D:7)
  2 scorpions
  A howler monkey (D:7)
  A crimson imp (D:6)
  2 centaur zombies (Ossuary)
  A jelly (D:6)
  5 hounds (D:5)
  4 orc priests
  11 orc wizards
  3 iguanas
  5 mummies (Ossuary)
  4 gnolls
  6 adders
  A shadow imp (D:6)
  3 white imps
  2 ufetubi
  A worm (D:2)
  3 dart slugs
  24 orcs
  5 bats
  10 endoplasms
  10 giant cockroaches
  9 goblins
  8 hobgoblins
  6 jackals
  2 quokkas
  5 ball pythons
  3 frilled lizards
  A goblin zombie (D:7)
  21 kobolds
  A quokka zombie (D:7)
  4 rats (D:1)
177 creatures vanquished.

Vanquished Creatures (others)
  3 fungi (D:5)
  A plant (D:5)
4 creatures vanquished.

Grand Total: 181 creatures vanquished

Notes
Turn   | Place    | Note
-------+----------+-------------------------------------------
     0 | D:1      | 112233 the Octopode Brigand began the quest for the Orb.
     0 | D:1      | Reached XP level 1. HP: 14/14 MP: 1/1
   122 | D:1      | Reached skill level 6 in Stealth
   122 | D:1      | Reached XP level 2. HP: 19/19 MP: 2/2
   399 | D:1      | Reached XP level 3. HP: 24/24 MP: 3/3
   431 | D:1      | Reached skill level 7 in Stealth
  1132 | D:2      | Reached XP level 4. HP: 29/29 MP: 4/4
  1180 | D:2      | Found a stormy altar of Qazlal.
  1316 | D:2      | Reached skill level 8 in Stealth
  1979 | D:3      | Noticed Sigmund
  1994 | D:3      | Killed Sigmund
  1995 | D:3      | Reached skill level 10 in Stealth
  1995 | D:3      | Reached XP level 5. HP: 18/34 MP: 5/5
  1995 | D:3      | Reached XP level 6. HP: 21/39 MP: 6/6
  2365 | D:3      | Found a faded altar of an unknown god.
  2966 | D:4      | Reached XP level 7. HP: 45/45 MP: 7/7
  3321 | D:5      | Entered Level 5 of the Dungeon
  3501 | D:5      | Found a sacrificial altar of Ru.
  3553 | D:5      | Reached skill level 11 in Stealth
  3689 | D:5      | Found a staircase to the Ecumenical Temple.
  3701 | Temple   | Entered the Ecumenical Temple
  3752 | Temple   | Became a worshipper of Gozag Ym Sagoz the Greedy
  3929 | D:5      | Reached XP level 8. HP: 21/52 MP: 8/8
  4213 | D:5      | Found a glowing silver altar of Zin.
  4687 | D:6      | Identified the +0 chain mail of Cuha {rC+ rN++ Str+4}
  5308 | D:6      | Reached skill level 12 in Stealth
  5575 | D:6      | Found a shimmering blue altar of Sif Muna.
  5777 | D:6      | Learned a level 2 spell: Passwall
  5780 | D:6      | Learned a level 2 spell: Wereblood
  5783 | D:6      | Learned a level 2 spell: Ensorcelled Hibernation
  5949 | D:7      | Reached skill level 5 in Fighting
  5949 | D:7      | Reached XP level 9. HP: 50/61 MP: 9/9
  5954 | D:7      | Reached skill level 5 in Short Blades
  6281 | D:7      | Found a sand-covered staircase.
  6293 | Ossuary  | Entered an ossuary
  6547 | Ossuary  | Reached skill level 5 in Dodging
  6665 | D:7      | You fall into a shaft and drop 3 floors!
  6665 | D:10     | Entered Level 10 of the Dungeon
  6805 | D:10     | Found a flagged portal.
  6820 | Bailey   | Entered a bailey
  7146 | D:10     | Noticed Amaemon
  7148 | D:10     | Noticed an orange demon
  7162 | D:10     | HP: 3/91 [poisoned by an orange demon]
  7163 | D:10     | Succumbed to an orange demon's poison

Illustrated notes

Levels and vault maps discovered:
D:1:      minmay_arrival_stone_box, layout_basic, st_stairs_12
D:2:      layout_basic, basic_altar, minivault_27
D:3:      layout_loops_cross, hellmonk_ecumenical_altar_prayer_group,
          kennysheep_nondescript, uniq_sigmund
D:4:      layout_loops_ring
D:5:      layout_basic, nicolae_ru_the_path_less_chosen, marbit_many_paths,
          minmay_temple_entry_trees, grunt_ministairs_4, serial_bayou_lagoon_a,
          dreamdust_mushroom_princess
D:6:      layout_basic, nicolae_sif_muna_little_library,
          minmay_misc_feat_square, minmay_fire_ice_demons
D:7:      layout_rooms, fedhas_altar_1, serial_corexii_hall,
          corexii_hall_statues_i, corexii_hall_statues_s, enter_ossuary_4
D:10:     layout_roguey, nicolae_ashenzari_panopticon, enter_bailey_3,
          uniq_sonja, uniq_amaemon, uniq_grum
Temple:   oiseaux_autumnal_temple

Skill      XL: |  1  2  3  4  5  6  7  8  9 |
---------------+----------------------------+-----
Stealth        | 6 7 10 11 12 | 12.8
Dodging        | 2 4 5 |  5.2
Fighting       | 3 5 |  5.6
Short Blades   | 3 4 5 |  5.6
Throwing       | |  2.0

Action                     |  1- 3 |  4- 6 |  7- 9 || total
---------------------------+-------+-------+-------++-------
  Melee: Dagger            |    69 |    57 |   285 ||   411
         Tentacles         |    10 |     7 |    73 ||    90
         Constrict         |    13 |     7 |    55 ||    75
         Punch             |       |       |     6 ||     6
 Invoke: Potion Petition   |       |       |     1 ||     1
  Evoke: Wand              |       |     3 |     9 ||    12
    Use: Potion            |       |       |     5 ||     5
         Scroll            |       |       |     1 ||     1
   Stab: Sleeping          |    18 |    23 |    21 ||    62
         Distracted        |       |     1 |     1 ||     2
         Invisible         |       |       |     3 ||     3
 Armour: Skin              |     2 |     5 |    14 ||    21
  Dodge: Dodged            |    27 |     8 |   158 ||   193

Table legend: (Time is in decaauts)
 A = Elapsed time spent in this place.
 B = Non-inter-level travel time spent in this place.
 C = Inter-level travel time spent in this place.
 D = Time resting spent in this place.
 E = Time spent auto-exploring this place.
 F = Levels seen in this place.
 G = Mean time per level.
                   A        B        C        D        E       F      G
               +--------+--------+--------+--------+--------+-----+--------+
         Total |   7075 |   6837 |    238 |   1063 |   4650 |  11 |  643.2 |
       Dungeon |   6525 |   6338 |    187 |    861 |   4462 |   8 |  815.6 |
        Temple |    193 |    142 |     51 |      0 |    131 |   1 |  193.0 |
       Ossuary |    297 |    297 |      0 |    202 |     36 |   1 |  297.0 |
        Bailey |     59 |     59 |      0 |      0 |     21 |   1 |   59.0 |
               +--------+--------+--------+--------+--------+-----+--------+

Top non-repeatable levels by time:
     D:6: 1236 daAuts
     D:5: 1146 daAuts
     D:1: 1095 daAuts
     D:2: 766 daAuts
     D:3: 764 daAuts
     D:4: 664 daAuts
    D:10: 430 daAuts
     D:7: 421 daAuts
 Ossuary: 297 daAuts
  Temple: 193 daAuts
  Bailey: 59 daAuts
